 Dungeon Crawl Stone Soup version 0.25-a0-942-g87a5396 (webtiles) character file.

Game seed: 17617407529127415007, levelgen mode: deterministic

126 DrEnzyme the Magician (level 5, -4/29 HPs)
             Began as a Kobold Wanderer on May 7, 2020.
             Slain by an orc
             ... wielding a +0 trident
              (7 damage)
             ... on level 2 of the Dungeon.
             The game lasted 00:02:58 (3262 turns).

DrEnzyme the Magician (Kobold Wanderer)             Turns: 3262, Time: 00:02:59

Health: -4/29      AC:  5    Str:  9    XL:     5   Next: 31%
Magic:  1/11       EV: 14    Int: 15    God:
Gold:   89         SH:  0    Dex: 14    Spells: 11/12 levels left

rFire    . . .     SeeInvis .   a - +0 dagger
rCold    . . .     Gourm    .   (shield restricted)
rNeg     . . .     Faith    .   d - +2 leather armour
rPois    .         Spirit   .   (no helmet)
rElec    .         Reflect  .   (no cloak)
rCorr    .         Harm     .   (no gloves)
MR       .....                  (no boots)
Stlth    ++........             (no amulet)
HPRegen  0.09/turn              (no ring)
MPRegen  0.12/turn              (no ring)

@: very slightly contaminated
A: small, carnivore
a: no special abilities


You were on level 2 of the Dungeon.
You were very full.

You visited 1 branch of the dungeon, and saw 3 of its levels.

You collected 89 gold pieces.

Inventory:

Hand Weapons
 a - a +0 dagger (weapon)
Missiles
 i - 16 poisoned darts (quivered)
Armour
 d - a +2 leather armour (worn)
Jewellery
 h - a cursed amulet of inaccuracy {unknown}
Scrolls
 c - a scroll of teleportation
 g - a scroll of identify {unknown}
Potions
 b - 3 potions of curing {unknown}
 e - a potion of invisibility {unknown}
Comestibles
 f - 3 rations


   Skills:
 + Level 1.2 Fighting
 + Level 1.0 Short Blades
 + Level 1.4 Throwing
 + Level 1.1 Armour
 + Level 2.6 Dodging
 + Level 2.0 Stealth
 + Level 4.1 Spellcasting
 + Level 2.0 Conjurations
   Level 1.0 Summonings
 + Level 1.3 Fire Magic
   Level 1.0 Earth Magic


You had 11 spell levels left.
You knew the following spells:

 Your Spells              Type           Power        Failure   Level  Hunger
b - Foxfire               Conj/Fire      #...         12%         1    None

Your spell library contained the following spells:

 Spells                   Type           Power        Failure   Level  Hunger
 Ignite Poison            Fire/Tmut/Pois #.......     52%         3    ###....


Dungeon Overview and Level Annotations

Branches:
Dungeon (3/15)

Altars:
Dithmenos
Xom


Innate Abilities, Weirdness & Mutations

You are small and have problems with some larger weapons.
You are carnivorous and can eat meat at any time.


Message History

Confirm with . or Enter, or press ? or * to list all spells.
You don't have enough magic to cast that spell.
Casting: Foxfire (safe; 12% risk of failure)
Confirm with . or Enter, or press ? or * to list all spells.
You don't have enough magic to cast that spell.
The foxfire hits the orc.
The orc is heavily wounded.
The foxfire hits the orc but does no damage.
The orc is heavily wounded.
The orc priest invokes the aid of Beogh against you.
Pain shoots through your body!
* * * LOW HITPOINT WARNING * * *
The orc drinks a potion.
The orc seems to grow stronger.
There is a stone staircase leading up, spattered with blood here.
You can't go down here!
The orc barely misses you.
You climb upwards.
There is a stone staircase leading down here.
The orc hits you from afar with a +0 trident!
You die...

##...#####........#
#..........######.# ##...#######
#.# ########.##### ###.## #####
#............# #.....
#..<####............#######.#)#.
##.#............o...#............
...........#####>##..#######.#.#.
.#..#####.## #@##..#######.....
...........# #.##.........)....
....###.#.######.##.#############
#.#.# #.##....§..##.###### #§#
#.#.###.##.#######.......# #_.
#.....#.##.#### #.#####.# ####
....).........# #.# #.#####.##
###.#.#.##.##.# #.# #.......##
#.#.#.##.##.# #.# #.########


You could see an orc.

Vanquished Creatures
  A hound (D:3)
  Natasha (D:2)
  3 adders
  2 oozes
  A leopard gecko (D:1)
  3 orcs (D:3)
  2 bats
  A giant cockroach (D:2)
  4 goblins
  4 hobgoblins
  2 jackals (D:3)
  2 frilled lizards
  7 kobolds
  3 rats
36 creatures vanquished.

Vanquished Creatures (others)
  136 foxfires
136 creatures vanquished.

Grand Total: 172 creatures vanquished

Notes
Turn   | Place    | Note
-------+----------+-------------------------------------------
     0 | D:1      | DrEnzyme the Kobold Wanderer began the quest for the Orb.
     0 | D:1      | DrEnzyme set off with the following items: a +0 dagger, a
                  | scroll of teleportation, a +2 leather armour, a ration; and
                  | the following spell memorised: Foxfire; and the following
                  | spells available to memorise: Ignite Poison
     0 | D:1      | Reached XP level 1. HP: 12/12 MP: 4/4
   347 | D:1      | Reached XP level 2. HP: 10/16 MP: 1/6
  1454 | D:2      | Reached skill level 1 in Conjurations
  1454 | D:2      | Reached XP level 3. HP: 17/20 MP: 4/8
  1576 | D:2      | Found a shadowy altar of Dithmenos.
  1576 | D:2      | Found a shimmering altar of Xom.
  1656 | D:2      | Noticed Natasha
  1671 | D:2      | Killed Natasha
  1671 | D:2      | Reached XP level 4. HP: 2/25 MP: 1/9
  2725 | D:3      | Reached skill level 1 in Armour
  2725 | D:3      | Reached skill level 4 in Spellcasting
  2725 | D:3      | Reached skill level 1 in Fire Magic
  2725 | D:3      | Reached XP level 5. HP: 29/29 MP: 0/11
  3103 | D:3      | Reached skill level 1 in Short Blades
  3262 | D:2      | Slain by an orc

Levels and vault maps discovered:
D:1:      psy_arrival_spokes, layout_basic
D:2:      layout_loops_ring, gammafunk_temple_overflow_elements, uniq_natasha
D:3:      layout_rooms, lemuel_crystal_altar, uniq_sigmund

Skill      XL: |  1  2  3  4  5 |
---------------+----------------+-----
Conjurations   | 1 2 |  2.0
Armour         | 1 |  1.1
Stealth        | 2 |  2.0
Spellcasting   | 4 |  4.1
Fire Magic     | 1 |  1.3
Short Blades   | 1 |  1.0
Fighting       | |  1.2
Throwing       | |  1.4
Dodging        | |  2.6
Summonings     | |  1.0
Earth Magic    | |  1.0

Action                   |  1- 3 |  4- 6 || total
-------------------------+-------+-------++-------
Melee: Dagger            |    15 |    29 ||    44
Throw: Dart              |    11 |       ||    11
 Cast: Foxfire           |    45 |    50 ||    95
  Use: Scroll            |       |     2 ||     2
  Eat: Chunk             |     9 |     4 ||    13
Armor: Leather armour    |     4 |    19 ||    23
Dodge: Dodged            |    15 |    44 ||    59

Table legend:
 A = Non-vault XP
 B = Vault XP
 C = Vault XP percentage of total XP
 D = Non-vault monster count
 E = Vault monster count
 F = Vault count percentage of total count
                 A         B        C        D         E       F
            +---------+---------+-------+---------+---------+-------
      Total |     147 |      33 |  18.3 |      35 |       1 |   2.8
            +---------+---------+-------+---------+---------+-------
        D:1 |      18 |       0 |   0.0 |       7 |       0 |   0.0
        D:2 |      49 |      33 |  40.2 |      14 |       1 |   6.7
        D:3 |      80 |       0 |   0.0 |      14 |       0 |   0.0
            +---------+---------+-------+---------+---------+-------
